 Dungeon Crawl Stone Soup version 0.31.0-12-g77e489cdc1 (webtiles) character file.

Game seed: 10060565767672905852

13197 Gadfly the Covert (level 11, -8/84 HPs)
             Began as a Spriggan Enchanter on Feb 18, 2024.
             Was an Initiate of Gozag.
             Engulfed by an ice statue's freezing vapour (12 damage)
             ... in an ice cave.
             The game lasted 00:29:26 (14342 turns).

Gadfly the Covert (Spriggan Enchanter)             Turns: 14342, Time: 00:29:26

Health: -8/84      AC:  9    Str:  4    XL:     11   Next: 72%
Magic:  23/24      EV: 23    Int: 27    God:    Gozag
Gold:   671        SH:  0    Dex: 17    Spells: 14/27 levels left

rFire   + . .        H - +7 dagger of Ahanot {freeze, ^Drain rF+ Int+7}
rCold   . . .        (no shield)
rNeg    . . .        f - +0 robe
rPois   .            (helmet restricted)
rElec   .            D - +2 cloak
rCorr   .            (gloves unavailable)
SInv    +            (boots unavailable)
Will    ++...        x - amulet of regeneration Stlth
                     i - ring of willpower
HPRegen 1.14/turn    n - +4 ring of protection
MPRegen 0.19/turn

%: no passive effects
@: berserking (expiring), very quick
A: very small, no large weapons, unfitting armour, see invisible, speed 3
a: Renounce Religion, Potion Petition, Call Merchant, Bribe Branch


You were in an ice cave.
You worshipped Gozag.
Gozag was pleased with you.
You visited 3 branches of the dungeon, and saw 14 of its levels.
You also visited: Sewer and Ice Cave.

You collected 1016 gold pieces.
You spent 210 gold pieces at shops.
You paid 135 gold pieces to Gozag.

Inventory:

Hand Weapons
 a - a +2 dagger of protection
 b - a +0 short sword of speed
 e - a +1 dagger
 g - a +0 vampiric dagger
 C - a +2 antimagic dagger
 H - the +7 dagger of Ahanot (weapon) {freeze, ^Drain rF+ Int+7}
   (You found it on level 7 of the Dungeon)

   Int+7:     It affects your intelligence (+7).
   rF+:       It protects you from fire.
   ^Drain:    It drains your maximum health when unequipped.
Missiles
 l - 3 throwing nets
Armour
 f - a +0 robe (worn)
 D - a +2 cloak (worn)
Jewellery
 i - a ring of willpower (left hand)
 n - a +4 ring of protection (right hand)
 p - a ring of positive energy
 r - a ring of protection from fire
 x - an amulet of regeneration (around neck)
 F - a ring of resist corrosion
Wands
 o - a wand of flame (14)
 t - a wand of charming (12)
 G - a wand of polymorph (17)
Scrolls
 j - 2 scrolls of enchant weapon
 k - 3 scrolls of vulnerability
 m - 3 scrolls of poison
 u - a scroll of amnesia
 v - 3 scrolls of blinking
 w - 2 scrolls of fear
 A - 2 scrolls of fog
 E - 2 scrolls of teleportation
Potions
 c - 3 potions of invisibility
 d - 3 potions of haste
 h - 2 potions of mutation
 q - 5 potions of attraction
 s - a potion of brilliance
 z - 3 potions of resistance
 B - 3 potions of enlightenment
 I - a potion of cancellation
 J - a potion of ambrosia
 K - a potion of might
 L - a potion of magic
 N - 2 potions of curing {unknown}


   Skills:
 + Level 6.2 Fighting
 + Level 8.2 Short Blades
 + Level 9.7 Dodging
 + Level 11.8 Stealth
 + Level 8.9 Spellcasting
 + Level 9.2 Hexes
 + Level 9.3 Evocations


You had 14 spell levels left.
You knew the following spells:

 Your Spells              Type           Power      Damage    Failure   Level
a - Ensorcelled Hibernat  Hex/Ice        74%        N/A       1%          2
b - Confusing Touch       Hex            58%        N/A       1%          3
c - Yara's Violent Unrav  Hex/Alch       18%        3d9       21%         5
d - Swiftness             Air            12%        N/A       14%         3

Your spell library contained the following spells:

 Spells                   Type           Power      Damage    Failure   Level
 Tukima's Dance           Hex            58%        N/A       1%          3
 Dazzling Flash           Conj/Hex       74%        N/A       2%          3
 Sandblast                Erth           24%        2d8       4%          1
 Shock                    Conj/Air       48%        1d6       4%          1
 Dimensional Bullseye     Hex/Tloc       18%        N/A       7%          4
 Passwall                 Erth           12%        N/A       14%         3
 Stone Arrow              Conj/Erth      24%        3d8       14%         3
 Airstrike                Air            6%         2d(1-17)  43%         4
 Brom's Barrelling Bould  Conj/Erth      12%        2d4       43%         4
 Ignite Poison            Fire/Alch      12%        N/A       43%         4
 Iskenderun's Mystic Bla  Conj/Tloc      12%        2d5       43%         4
 Passage of Golubria      Tloc           12%        N/A       43%         4
 Sticky Flame             Fire/Alch      12%        2d5       43%         4
 Haunt                    Necr/Summ      6%         N/A       100%        7
 Ignition                 Fire           6%         3d4       100%        8
 Infestation              Necr           6%         N/A       100%        8
 Chain Lightning          Conj/Air       6%         3d8       100%        9
 Fire Storm               Conj/Fire      6%         8d2       100%        9
 Shatter                  Erth           6%         3d9*      100%        9
 Animate Dead             Necr           Unusable   N/A       N/A         4

Dungeon Overview and Level Annotations

Branches:
Dungeon (12/15)            Temple (1/1) D:5            Lair (1/5) D:10
    Orc (0/2) D:11          Sewer (visited)           IceCv (1/1)

Altars:
Ashenzari
Cheibriados
Dithmenos
Elyvilon
Fedhas
Gozag
Hepliaklqana
Kikubaaqudgha
Makhleb
Nemelex Xobeh
Okawaru
Qazlal
Ru
Sif Muna
Trog
Uskayaw
Vehumet
Wu Jian
Xom
Yredelemnul
Zin
The Shining One

Shops:
D:5 ?   D:7 *   D:8 *

Annotations:
IceCv exclusion: ice statue


Innate Abilities, Weirdness & Mutations

You are very small and have problems with some larger weapons.
You are too small for most types of armour.
You have supernaturally acute eyesight. (SInv)
You cover ground extremely quickly. (Speed+++)


Message History

The ice beast hits you but does no damage.
You hit the ice statue but do no damage.
The ice statue is moderately damaged.
The ice beast completely misses you.
You hit the ice statue but do no damage.
The ice statue is moderately damaged.
You hit the ice statue but do no damage.
The ice statue is moderately damaged.
The ice beast hits you but does no damage.
The ice statue gestures at you. The bolt of cold misses you.
You hit the ice statue.
The ice statue is moderately damaged.
The ice beast completely misses you.
You puncture the ice statue!
The ice statue is heavily damaged.
The ice beast hits you but does no damage.
You hit the ice statue.
The ice statue is heavily damaged.
The ice beast closely misses you.
You hit the ice statue.
The ice statue is heavily damaged.
You puncture the ice statue!
The ice statue is severely damaged.
The ice statue glitters chillingly in the dim dungeon light.
The ice statue gestures at you. The freezing blast engulfs you!!
* * * LOW HITPOINT WARNING * * *
The ice beast completely misses you.
You are too berserk!
Unknown command.
You puncture the ice statue!
The ice statue is severely damaged.
You are engulfed in freezing vapours.
* * * LOW HITPOINT WARNING * * *
The ice beast completely misses you.
Unknown command.
You are engulfed in freezing vapours.
You die...
Your body crumbles into a pile of gold.

#...#######
##..##
##.##
##..###...#
##......##
#....#..#
##.###..#
######.#
##○##..#
#Y☼@○.##
#..8Y☼§##
#..#.○####
#. #.# ##


You could see an ice statue and 2 ice beasts.

Vanquished Creatures
  2 two-headed ogres
  2 cyclopes
  A gargoyle (D:11)
  An unseen horror (D:11)
  A komodo dragon (Lair:1)
  2 trolls
  A polar bear (Lair:1)
  Grinder (D:4)
  A slime creature (D:11)
  A shadow (D:11)
  16 yaks
  2 wyverns
  2 vampire mosquitoes (D:10)
  2 acid dragons
  4 water moccasins
  6 orc warriors
  An ice beast (D:4)
  3 sky beasts
  2 black bears
  4 ogres
  3 centaurs
  3 wolves
  A phantom (D:4)
  5 kobold brigands
  2 brain worms (Sewer)
  5 bullfrogs
  3 gnoll sergeants
  2 scorpions
  A two-headed ogre simulacrum (IceCv)
  12 wights
  13 killer bees
  5 electric eels (D:10)
  2 jellies
  Crazy Yiuf (D:2)
  3 bombardier beetles
  4 orc priests
  3 gnoll boudas
  4 hounds
  3 sleepcaps
  4 iguanas
  4 orc wizards
  31 gnolls
  11 adders
  A naga simulacrum (IceCv)
  3 river rats (Sewer)
  2 shadow imps
  2 white imps (IceCv)
  2 ufetubi
  A dart slug (D:3)
  A ribbon worm (D:4)
  36 orcs
  A bat (D:2)
  9 endoplasms
  7 giant cockroaches
  10 goblins
  17 hobgoblins
  3 quokkas
  11 ball pythons
  9 frilled lizards
  35 kobolds
  14 rats
344 creatures vanquished.

Notes
Turn   | Place    | Note
-------+----------+-------------------------------------------
     0 | D:1      | Gadfly the Spriggan Enchanter began the quest for the Orb.
     0 | D:1      | Reached XP level 1. HP: 9/9 MP: 5/5
   184 | D:1      | You fall into a shaft and drop 1 floor!
   237 | D:2      | Reached XP level 2. HP: 13/13 MP: 6/6
   240 | D:2      | Learned a level 2 spell: Ensorcelled Hibernation
  1289 | D:2      | Reached XP level 3. HP: 11/17 MP: 2/8
  1293 | D:2      | Learned a level 3 spell: Confusing Touch
  1371 | D:2      | Reached skill level 1 in Evocations
  1582 | D:2      | Noticed an ogre
  1709 | D:2      | Killed an ogre
  1710 | D:2      | Reached skill level 1 in Fighting
  1710 | D:2      | Reached skill level 5 in Stealth
  1710 | D:2      | Reached XP level 4. HP: 22/22 MP: 7/10
  1710 | D:2      | Reached XP level 5. HP: 25/25 MP: 7/11
  1719 | D:2      | Learned a level 5 spell: Yara's Violent Unravelling
  1893 | D:2      | Found a runed translucent door.
  1894 | D:2      | Noticed Crazy Yiuf
  2042 | D:2      | Killed Crazy Yiuf
  2815 | D:3      | Noticed a black bear
  2819 | D:3      | Killed a black bear
  2820 | D:3      | Reached XP level 6. HP: 30/30 MP: 12/12
  3620 | D:4      | Noticed Grinder
  3706 | D:4      | Killed Grinder
  3707 | D:4      | Reached skill level 6 in Stealth
  3707 | D:4      | Reached XP level 7. HP: 35/35 MP: 10/14
  3755 | D:4      | Found a glowing silver altar of Zin.
  3819 | D:4      | Reached skill level 5 in Hexes
  4156 | D:4      | Found a sacrificial altar of Ru.
  4530 | D:4      | Learned a level 3 spell: Swiftness
  4569 | D:5      | Entered Level 5 of the Dungeon
  4634 | D:5      | Found a basalt altar of Yredelemnul.
  4682 | D:5      | Reached skill level 5 in Dodging
  4854 | D:4      | Reached skill level 7 in Stealth
  4854 | D:4      | Reached XP level 8. HP: 23/39 MP: 7/16
  4951 | D:5      | Found Duox Qai's Magic Scroll Boutique.
  4954 | D:5      | Bought a scroll of revelation for 82 gold pieces
  5039 | D:5      | Found a glowing drain.
  5051 | Sewer    | Entered a sewer
  5325 | Sewer    | Reached skill level 5 in Spellcasting
  6028 | D:5      | Bought a scroll of enchant weapon for 82 gold pieces
  6124 | D:5      | Found a staircase to the Ecumenical Temple.
  6133 | Temple   | Entered the Ecumenical Temple
  6358 | D:6      | Reached skill level 5 in Evocations
  6576 | D:6      | Reached skill level 8 in Stealth
  6682 | D:6      | Found a hide-covered altar of Uskayaw.
  6783 | D:6      | Reached skill level 5 in Short Blades
  6783 | D:6      | Reached XP level 9. HP: 45/45 MP: 10/18
  7804 | D:7      | Identified the +7 dagger of Ahanot {freeze, ^Drain rF+
                  | Int+7}
  7909 | D:7      | Found Jiohu's Assorted Antiques.
  7927 | D:7      | Bought a clear potion for 23 gold pieces
  7927 | D:7      | Bought an orange potion for 23 gold pieces
  8117 | D:7      | Reached skill level 9 in Stealth
  8862 | D:8      | Found a broken altar of Ashenzari.
  9084 | D:8      | Reached XP level 10. HP: 47/51 MP: 16/21
  9208 | D:8      | Found Ibliheuq's Demolitions Depot.
  9866 | D:9      | Found an iron altar of Okawaru.
  9980 | D:9      | Found a glowing golden altar of the Shining One.
 10541 | D:9      | Found a shimmering blue altar of Sif Muna.
 10862 | D:10     | Entered Level 10 of the Dungeon
 11132 | D:9      | Reached skill level 10 in Stealth
 11252 | D:10     | Reached skill level 5 in Fighting
 11578 | D:10     | Noticed a two-headed ogre
 11916 | D:10     | Found a blossoming altar of Fedhas.
 11919 | D:10     | Found a stormy altar of Qazlal.
 11923 | D:10     | Found an opulent altar of Gozag.
 11927 | D:10     | Became a worshipper of Gozag Ym Sagoz the Greedy
 11947 | D:10     | Reached XP level 11. HP: 56/56 MP: 21/24
 12011 | D:10     | Killed a two-headed ogre
 12012 | D:10     | Reached skill level 11 in Stealth
 12030 | D:10     | Identified the +7 flail of Defence {holy, Fly Will+ Int+3}
 12038 | D:10     | Found a staircase to the Lair.
 12091 | D:10     | Found a shadowy altar of Dithmenos.
 12604 | D:11     | Found a staircase to the Orcish Mines.
 12628 | D:11     | Noticed a two-headed ogre
 12775 | D:11     | Killed a two-headed ogre
 13936 | Lair:1   | Entered Level 1 of the Lair of Beasts
 14241 | Lair:1   | Found a frozen archway.
 14258 | IceCv    | Entered an ice cave
 14341 | IceCv    | HP: 4/84 [ice statue] (9)]
 14342 | IceCv    | Engulfed by an ice statue's freezing vapour

Illustrated notes

Levels and vault maps discovered:
D:1:      saegor_arrival_miasma, layout_basic, serial_bayou_lagoon_a
D:2:      layout_rooms, uniq_crazy_yiuf_cottage
D:3:      layout_loops_ring
D:4:      layout_loops_ring, nicolae_ru_path_of_blood, lemuel_round_altar,
          uniq_grinder
D:5:      layout_rooms, lemuel_doored_altar, minmay_temple_entry_antechambers,
          portal_sewer_entry_b, serial_shops, nicolae_shop_rolled_up,
          hangedman_abyss_or_decor_passed, columned_hall_lemuel, hex_medium
D:6:      layout_rooms, nicolae_uskayaw_murder_on_the_dancefloor
D:7:      layout_loops_ring, serial_shops, nicolae_shop_window_shopping,
          kennysheep_generic_room_8
D:8:      layout_basic, mainiacjoe_overflow_small_starburst,
          nicolae_blasting_shop
D:9:      layout_layer_cave, okawaru_altar_gauntlet_db, lemuel_blue_sif_altar,
          lemuel_tele_altar
D:10:     layout_basic, overflow_temple_1_default,
          grunt_temple_overflow_diamond, erik_lair_island
D:11:     layout_big_octagon, david_orc_5
D:12:     layout_cave_pools
Temple:   compressed_dpeg_circular_temple
Lair:1:   layout_cellular_growth, portal_ice_cave_entry_pillars_2, uniq_nergalle
IceCv:    ice_cave_caverns_03

Skill      XL: |  1  2  3  4  5  6  7  8  9 10 11 |
---------------+----------------------------------+-----
Dodging        | 3 4 5 6 7 8 9 |  9.7
Evocations     | 2 3 4 5 6 8 9 |  9.3
Short Blades   | 2 3 4 5 6 7 8 |  8.2
Spellcasting   | 3 4 5 6 8 |  8.9
Fighting       | 1 2 3 4 5 6 |  6.2
Stealth        | 5 6 7 8 9 10 11 | 11.8
Hexes          | 4 5 6 7 8 9 |  9.2

Action                     |  1- 3 |  4- 6 |  7- 9 | 10-12 || total
---------------------------+-------+-------+-------+-------++-------
  Melee: Dagger            |    97 |    82 |   452 |   311 ||   942
         Punch             |     1 |       |     5 |     9 ||    15
   Cast: Ensorcelled Hiber |    26 |    27 |   139 |   102 ||   294
         Confusing Touch   |       |     1 |    13 |    11 ||    25
  Evoke: Wand              |       |       |       |     9 ||     9
    Use: Scroll            |     4 |     6 |    12 |     2 ||    24
         Potion            |       |       |       |     1 ||     1
   Stab: Sleeping          |    24 |    34 |    94 |    75 ||   227
         Confused          |       |     2 |    10 |     6 ||    18
         Distracted        |       |       |       |     1 ||     1
 Armour: Robe              |    31 |    17 |   126 |    99 ||   273
  Dodge: Dodged            |    78 |    50 |   358 |   261 ||   747
